Lightning vs Maple Leafs

Created - 6 octobre 2023 at 16:59

Goals
1 2 3 T
Lightning 1 3 0 4
Maple Leafs 1 0 0 1
Shots
1 2 3 T
Lightning 6 7 10 23
Maple Leafs 14 17 10 41

GoalsPenalties
1st period
1. Maple Leafs , Filip Forsberg 5 (Ryan O'Reilly 7, T.J. Oshie 6) at 18:12
2. Lightning , Tyler Motte 4 (Derick Brassard 3) at 18:49
Nathan Beaulieu (TOR) for Hooking (Minor) at 5:16
Brent Burns (TOR) for Tripping (Minor) at 10:26
Colin Miller (TOR) for Fighting (Major) at 18:13
Vladislav Namestnikov (TAM) for Fighting (Major) at 18:13
2nd period
3. Lightning , Jakob Silfverberg 5 (Vladislav Namestnikov 10) at 6:45
4. Lightning , Stefan Noesen 3 (Tyler Motte 2, Patric Hornqvist 3) at 8:49
5. Lightning , Nicolas Aube-Kubel 2 (Jakob Silfverberg 3, Vladislav Namestnikov 11) at 8:57
T.J. Oshie (TOR) for Fighting (Major) at 4:56
Derick Brassard (TAM) for Fighting (Major) at 4:56
3rd period
No Goal
Andrej Sustr (TAM) for Roughing (Minor) at 3:06
Andrej Sustr (TAM) for Hooking (Minor) at 6:52
Andrej Sustr (TAM) for Diving (Minor) at 12:51
Goalie Stats
Jack Campbell (TAM), 40 saves from 41 shots - (0,976), W, 6-4-2, 60:00 minutes
Anthony Stolarz (TOR), 19 saves from 23 shots - (0,826), L, 2-1-0, 60:00 minutes
3 StarsOfficial
1 - Jack Campbell (TAM)
2 - Jakob Silfverberg (TAM)
3 - Tyler Motte (TAM)
Referees : Anniina Nurmi and Dan O'Rourke
Linesman : Jonathan Deschamps and Jonny Murray
Game Note
Colin Miller and Vladislav Namestnikov fight to a draw at 18:13 of 1st period
T.J. Oshie and Derick Brassard fight to a draw at 4:56 of 2nd period
Finance
Level 1 -- Attendance: 5804 (97%) -- Ticket Income $522,360
Level 2 -- Attendance: 4929 (99%) -- Ticket Income $256,308
Level 3 -- Attendance: 2816 (100%) -- Ticket Income $92,928
Level 4 -- Attendance: 4000 (100%) -- Ticket Income $64,000
Luxury Box -- Attendance: 1000 (100%) -- Ticket Income $200,000
Game was played at the Air Canada Centre.
Total Attendance: 18549 (99%)
Total Ticket Income: $1,135,596
Other Income: $340,679
Total Income: $1,476,275



Team Name Goals Shots Shots Attemp Shots Blocked PIM HIT PP PK FO%
Lightning 42343616180 / 2 (0%)037%
Maple Leafs 14161814270 / 3 (0%)063%

Lightning
Player Name POS G A P +/- PIM HIT SHT SB MP PP MP PP SHT PK MP PK SHT FO% FOT GA TA
Alex GoligoskiD0003020027:382:1003:1800% 011
Andrej SustrD0001601012:420:0000:0000% 000
Ben HarpurD000-1011120:011:4802:3900% 001
Connor CarrickD000100004:150:0000:0000% 000
Darren HelmC/LW/RW000-1000011:550:0000:0000% 100
Derick BrassardC/LW0111521015:431:4700:53060% 1000
Garrett PilonC000-1011013:040:0000:28040% 500
Jakob SilfverbergLW/RW1122022021:102:1103:2500% 300
Liam FoudyC/LW000000008:320:0000:00025% 400
Michael MerschRW000-1002011:550:0000:0000% 000
Mike ReillyD0001000012:210:0000:0000% 000
Nicolas Aube-KubelRW1012013018:212:1100:0000% 111
Patric HornqvistRW0112003017:321:4700:0000% 001
Radim SimekD000-1010319:481:4802:3900% 012
Robert HaggD0002040223:362:1003:1800% 000
Stefan NoesenLW/RW1011002013:110:0001:30033% 600
Tyler MotteLW/RW1122004018:451:4702:1500% 221
Vladislav NamestnikovC/LW/RW0222543023:292:1103:23139% 3310
Maple Leafs
Player Name POS G A P +/- PIM HIT SHT SB MP PP MP PP SHT PK MP PK SHT FO% FOT GA TA
Brent BurnsD000-1211024:104:3900:4600% 012
Cal ClutterbuckRW0000022012:130:0000:00050% 200
Colin MillerD000-3510116:111:1800:1800% 002
Colton ParaykoD0001010020:161:1802:3200% 000
Darnell NurseD0000003223:464:3912:2000% 001
Emil BemstromLW/RW0000012010:300:0400:1200% 000
Filip ForsbergLW101-2045018:393:5500:00020% 500
Jan RuttaD0001000218:180:0001:4200% 000
Lars EllerC0000015014:070:0001:54063% 820
Mason AppletonC/RW000-1031012:550:0400:00067% 301
Matt NietoLW/RW000-3002116:430:0401:5800% 010
Michael RasmussenC/LW000-1026016:381:5801:48062% 1310
Nathan BeaulieuD000-4241117:180:0000:1800% 010
Nick CousinsC/LW0000002012:131:5800:0000% 000
Ryan O'ReillyC011-2018020:273:5501:48270% 2700
Sam GagnerC/RW0000012012:311:5800:16071% 700
T.J. OshieRW0110531016:503:5500:0000% 010
Vinnie HinostrozaLW/RW0000020112:130:0000:0000% 000

Lightning

5 vs 5 Forward
Line #Left WingCenterRight WingPHYDFOFWanted %Time %Time Play
1Jakob SilfverbergVladislav NamestnikovNicolas Aube-Kubel1134031%15:37
2Tyler MotteDerick BrassardPatric Hornqvist1133028%14:01
3Stefan NoesenLiam FoudyVladislav Namestnikov1132517%8:32
4Darren HelmGarrett PilonMichael Mersch122524%11:55
5 vs 5 Defense
Line #DefenseDefensePHYDFOFWanted %Time %Time Play
1Alex GoligoskiRobert Hagg1134036%18:08
2Ben HarpurRadim Simek1133031%15:21
3Mike ReillyAndrej Sustr1222025%12:21
4Connor CarrickAlex Goligoski122108%4:15
Power Play Forward
Line #Left WingCenterRight WingPHYDFOFWanted %Time %Time Play
1Jakob SilfverbergVladislav NamestnikovNicolas Aube-Kubel0056055%2:11
2Tyler MotteDerick BrassardPatric Hornqvist0144045%1:47
Power Play Defense
Line #DefenseDefensePHYDFOFWanted %Time %Time Play
1Alex GoligoskiRobert Hagg0146055%2:10
2Ben HarpurRadim Simek0234045%1:48
Penalty Kill 4 Players Forward
Line #CenterWingPHYDFOFWanted %Time %Time Play
1Vladislav NamestnikovJakob Silfverberg1316085%5:04
2Derick BrassardTyler Motte1314015%0:53
Penalty Kill 4 Players Defense
Line #DefenseDefensePHYDFOFWanted %Time %Time Play
1Alex GoligoskiRobert Hagg1316055%3:18
2Ben HarpurRadim Simek1314045%2:39
Penalty Kill 3 Players
Line #WingPHYDFOFWanted %Time %Time PlayDefenseDefensePHYDFOFWanted %Time %Time Play
1Vladislav Namestnikov122600%0:00 Alex GoligoskiRobert Hagg122600%0:00
2Derick Brassard122400%0:00 Ben HarpurRadim Simek122400%0:00
4 vs 4 Forward
Line #CenterWingPHYDFOFWanted %Time %Time Play
1Vladislav NamestnikovJakob Silfverberg113600%0:00
2Derick BrassardTyler Motte113400%0:00
4 vs 4 Defense
Line #DefensePHYDFOFWanted %Time %Time Play
1Alex GoligoskiRobert Hagg122600%0:00
2Ben HarpurRadim Simek122400%0:00
Last Minutes Offensive
Left WingCenterRight WingDefenseDefense
Jakob SilfverbergVladislav NamestnikovNicolas Aube-KubelAlex GoligoskiRobert Hagg
Last Minutes Defensive
Left WingCenterRight WingDefenseDefense
Jakob SilfverbergVladislav NamestnikovNicolas Aube-KubelAlex GoligoskiRobert Hagg
Time
Total ForwardTotal DefenseLast Minutes OffensiveLast Minutes Defensive
60:00 60:00 0:000:00
Extra Forwards
Normal PowerPlayPenalty Kill
Stefan Noesen, Patric Hornqvist, Nicolas Aube-KubelStefan Noesen, Patric HornqvistStefan Noesen
Extra Defensemen
Normal PowerPlayPenalty Kill
Mike Reilly, Andrej Sustr, Connor CarrickMike Reilly, Mike ReillyAndrej Sustr
Penalty Shots
Vladislav Namestnikov, Jakob Silfverberg, Derick Brassard, Tyler Motte, Stefan Noesen
Goalie
Jack Campbell, Sam Montembeault
Scratches
Benoit-Olivier Groulx (Healthy)

Maple Leafs

5 vs 5 Forward
Line #Left WingCenterRight WingPHYDFOFWanted %Time %Time Play
1Filip ForsbergRyan O'ReillyT.J. Oshie1223130%15:05
2Matt NietoMichael RasmussenMason Appleton0322526%12:52
3Vinnie HinostrozaLars EllerCal Clutterbuck0322424%12:13
4Nick CousinsSam GagnerEmil Bemstrom0322020%9:55
5 vs 5 Defense
Line #DefenseDefensePHYDFOFWanted %Time %Time Play
1Darnell NurseBrent Burns0323433%16:30
2Jan RuttaColton Parayko0323333%16:36
3Nathan BeaulieuColin Miller0323334%16:59
4Darnell NurseBrent Burns02300%0:00
Power Play Forward
Line #Left WingCenterRight WingPHYDFOFWanted %Time %Time Play
1Filip ForsbergRyan O'ReillyT.J. Oshie1136267%3:59
2Nick CousinsMichael RasmussenSam Gagner1133833%1:58
Power Play Defense
Line #DefenseDefensePHYDFOFWanted %Time %Time Play
1Darnell NurseBrent Burns1136878%4:39
2Colin MillerColton Parayko1133222%1:18
Penalty Kill 4 Players Forward
Line #CenterWingPHYDFOFWanted %Time %Time Play
1Lars EllerMatt Nieto0415455%2:10
2Ryan O'ReillyMichael Rasmussen1314645%1:48
Penalty Kill 4 Players Defense
Line #DefenseDefensePHYDFOFWanted %Time %Time Play
1Darnell NurseColton Parayko1315850%1:58
2Jan RuttaBrent Burns1314250%2:00
Penalty Kill 3 Players
Line #WingPHYDFOFWanted %Time %Time PlayDefenseDefensePHYDFOFWanted %Time %Time Play
1Ryan O'Reilly041580%0:00 Darnell NurseColton Parayko041580%0:00
2Lars Eller041420%0:00 Jan RuttaBrent Burns041420%0:00
4 vs 4 Forward
Line #CenterWingPHYDFOFWanted %Time %Time Play
1Ryan O'ReillyFilip Forsberg032550%0:00
2Lars EllerMason Appleton032450%0:00
4 vs 4 Defense
Line #DefensePHYDFOFWanted %Time %Time Play
1Darnell NurseBrent Burns032550%0:00
2Colin MillerColton Parayko032450%0:00
Last Minutes Offensive
Left WingCenterRight WingDefenseDefense
Filip ForsbergRyan O'ReillyT.J. OshieDarnell NurseBrent Burns
Last Minutes Defensive
Left WingCenterRight WingDefenseDefense
Michael RasmussenRyan O'ReillyMatt NietoDarnell NurseColton Parayko
Time
Total ForwardTotal DefenseLast Minutes OffensiveLast Minutes Defensive
60:00 60:00 0:000:00
Extra Forwards
Normal PowerPlayPenalty Kill
Ryan O'Reilly, Filip Forsberg, T.J. OshieFilip Forsberg, T.J. OshieLars Eller
Extra Defensemen
Normal PowerPlayPenalty Kill
Brent Burns, Darnell Nurse, Colton ParaykoBrent Burns, Darnell NurseColton Parayko
Penalty Shots
Filip Forsberg, T.J. Oshie, Ryan O'Reilly, Vinnie Hinostroza, Sam Gagner
Goalie
Anthony Stolarz, Sergei Bobrovsky
Scratches
None


Play-by-Play

1st period


0:01 of 1st period - Filip Forsberg wins face-off versus Vladislav Namestnikov in neutral zone.
1:23 of 1st period - Icing by Jan Rutta.
1:24 of 1st period - Sam Gagner wins face-off versus Jakob Silfverberg in Maple Leafs zone.
2:19 of 1st period - Wrist shot by Ben Harpur.
2:19 of 1st period - Stopped by Anthony Stolarz with a rebound.
2:21 of 1st period - Snap shot by Radim Simek.
2:21 of 1st period - Shot Misses the Net.
2:23 of 1st period - Slapshot by Ben Harpur.
2:23 of 1st period - Shot Blocked by Jan Rutta.
2:34 of 1st period - Off-side.
2:35 of 1st period - Liam Foudy wins face-off versus Sam Gagner in neutral zone.
3:02 of 1st period - Colin Miller is hit by Derick Brassard.
3:26 of 1st period - Slapshot by Cal Clutterbuck.
3:26 of 1st period - Shot Blocked by Ben Harpur.
3:42 of 1st period - Snap shot by Matt Nieto.
3:42 of 1st period - Shot Blocked by Radim Simek.
3:44 of 1st period - Wrist shot by Matt Nieto.
3:44 of 1st period - Shot Blocked by Radim Simek.
4:12 of 1st period - Wrist shot by Jakob Silfverberg.
4:12 of 1st period - Stopped by Anthony Stolarz with a rebound.
4:28 of 1st period - Off-side.
4:29 of 1st period - Derick Brassard wins face-off versus Lars Eller in neutral zone.
5:16 of 1st period - Minor Penalty to Nathan Beaulieu for Hooking.
5:17 of 1st period - Lars Eller wins face-off versus Vladislav Namestnikov in Maple Leafs zone.
5:17 of 1st period - Lars Eller is hit by Alex Goligoski.
5:31 of 1st period - Snap shot by Michael Rasmussen.
5:31 of 1st period - Shot Misses the Net.
5:33 of 1st period - Slapshot by Darnell Nurse.
5:33 of 1st period - Deflect By Ryan O'Reilly.
5:33 of 1st period - Stopped by Jack Campbell with a rebound.
5:35 of 1st period - Snap shot by Ryan O'Reilly.
5:35 of 1st period - Shot Misses the Net.
5:37 of 1st period - Wrist shot by Colton Parayko.
5:37 of 1st period - Shot Blocked by Robert Hagg.
6:05 of 1st period - Slapshot by Ryan O'Reilly.
6:05 of 1st period - Stopped by Jack Campbell without a rebound.
6:06 of 1st period - Derick Brassard wins face-off versus Ryan O'Reilly in Lightning zone.
7:16 of 1st period - Penalty to Nathan Beaulieu is over, Nathan Beaulieu is back on ice.
7:25 of 1st period - Wrist shot by Sam Gagner.
7:25 of 1st period - Stopped by Jack Campbell without a rebound.
7:26 of 1st period - Sam Gagner wins face-off versus Garrett Pilon in Lightning zone.
7:32 of 1st period - Icing by Alex Goligoski.
7:33 of 1st period - Garrett Pilon wins face-off versus Ryan O'Reilly in Lightning zone.
7:42 of 1st period - Wrist shot by Ryan O'Reilly.
7:42 of 1st period - Stopped by Jack Campbell without a rebound.
7:43 of 1st period - Ryan O'Reilly wins face-off versus Vladislav Namestnikov in Lightning zone.
8:33 of 1st period - Slapshot by Vladislav Namestnikov.
8:33 of 1st period - Shot Misses the Net.
8:51 of 1st period - Ben Harpur is hit by Colin Miller and loses puck.
9:00 of 1st period - Colin Miller is hit by Ben Harpur and loses puck.
9:31 of 1st period - Colton Parayko is hit by Vladislav Namestnikov.
9:43 of 1st period - Wrist shot by Ryan O'Reilly.
9:43 of 1st period - Stopped by Jack Campbell without a rebound.
9:44 of 1st period - Michael Rasmussen wins face-off versus Derick Brassard in Lightning zone.
9:52 of 1st period - Icing by Patric Hornqvist.
9:53 of 1st period - Derick Brassard wins face-off versus Michael Rasmussen in Lightning zone.
9:57 of 1st period - Off-side.
9:58 of 1st period - Michael Rasmussen wins face-off versus Vladislav Namestnikov in neutral zone.
10:26 of 1st period - Minor Penalty to Brent Burns for Tripping.
10:27 of 1st period - Vladislav Namestnikov wins face-off versus Lars Eller in Maple Leafs zone.
11:34 of 1st period - Nicolas Aube-Kubel is hit by Michael Rasmussen and loses puck.
12:26 of 1st period - Penalty to Brent Burns is over, Brent Burns is back on ice.
12:33 of 1st period - Radim Simek is hit by Nathan Beaulieu and loses puck.
12:50 of 1st period - Ben Harpur is hit by T.J. Oshie and loses puck.
13:54 of 1st period - Derick Brassard is hit by Cal Clutterbuck and loses puck.
14:37 of 1st period - Slapshot by Brent Burns.
14:37 of 1st period - Deflect By Lars Eller.
14:37 of 1st period - Stopped by Jack Campbell with a rebound.
14:39 of 1st period - Wrist shot by Lars Eller.
14:39 of 1st period - Stopped by Jack Campbell with a rebound.
14:41 of 1st period - Snap shot by Lars Eller.
14:41 of 1st period - Stopped by Jack Campbell with a rebound.
15:24 of 1st period - Robert Hagg is hit by Michael Rasmussen and loses puck.
15:31 of 1st period - Nathan Beaulieu is hit by Nicolas Aube-Kubel and loses puck.
15:57 of 1st period - Wrist shot by Lars Eller.
15:57 of 1st period - Shot Misses the Net.
17:11 of 1st period - Snap shot by Lars Eller.
17:11 of 1st period - Deflect By Alex Goligoski.
17:11 of 1st period - Stopped by Jack Campbell with a rebound.
17:13 of 1st period - Wrist shot by Cal Clutterbuck.
17:13 of 1st period - Stopped by Jack Campbell with a rebound.
17:15 of 1st period - Wrist shot by Cal Clutterbuck.
17:15 of 1st period - Deflect By Lars Eller.
17:15 of 1st period - Stopped by Jack Campbell without a rebound.
17:16 of 1st period - Lars Eller wins face-off versus Darren Helm in Lightning zone.
17:22 of 1st period - Icing by Ben Harpur.
17:23 of 1st period - Garrett Pilon wins face-off versus Filip Forsberg in Lightning zone.
17:23 of 1st period - Garrett Pilon is hit by Filip Forsberg.
17:29 of 1st period - Jan Rutta is hit by Garrett Pilon and loses puck.
17:36 of 1st period - Slapshot by Michael Mersch.
17:36 of 1st period - Shot Blocked by Jan Rutta.
17:40 of 1st period - Wrist shot by Michael Mersch.
17:40 of 1st period - Stopped by Anthony Stolarz with a rebound.
17:48 of 1st period - Backhand shot by Garrett Pilon.
17:48 of 1st period - Stopped by Anthony Stolarz with a rebound.
17:50 of 1st period - Slapshot by Michael Mersch.
17:50 of 1st period - Stopped by Anthony Stolarz with a rebound.
18:12 of 1st period - Snap shot by Filip Forsberg.
18:12 of 1st period - Goal by Filip Forsberg - Lightning : 0 - Maple Leafs : 1.
18:13 of 1st period - Vladislav Namestnikov wins face-off versus Michael Rasmussen in neutral zone.
18:13 of 1st period - Colin Miller and Vladislav Namestnikov fight to a draw.
18:13 of 1st period - Penalty to Colin Miller for Fighting.
18:13 of 1st period - Penalty to Vladislav Namestnikov for Fighting.
18:14 of 1st period - Stefan Noesen wins face-off versus Michael Rasmussen in neutral zone.
18:29 of 1st period - Robert Hagg is hit by Mason Appleton and loses puck.
18:40 of 1st period - Ryan O'Reilly is hit by Robert Hagg and loses puck.
18:49 of 1st period - Wrist shot by Tyler Motte.
18:49 of 1st period - Goal by Tyler Motte - Lightning : 1 - Maple Leafs : 1.
18:50 of 1st period - Lars Eller wins face-off versus Stefan Noesen in neutral zone.
18:55 of 1st period - Darnell Nurse is hit by Robert Hagg and loses puck.
19:25 of 1st period - Slapshot by Brent Burns.
19:25 of 1st period - Stopped by Jack Campbell without a rebound.
19:26 of 1st period - Ryan O'Reilly wins face-off versus Stefan Noesen in Lightning zone.
19:39 of 1st period - Stefan Noesen is hit by T.J. Oshie.
19:57 of 1st period - Snap shot by Cal Clutterbuck.
19:57 of 1st period - Stopped by Jack Campbell without a rebound.
19:58 of 1st period - Derick Brassard wins face-off versus Cal Clutterbuck in Lightning zone.
19:58 of 1st period - Derick Brassard is hit by Brent Burns.
Goals for this period are 1 for Lightning vs 1 for Maple Leafs.
Shots for this period are 6 for Lightning vs 14 for Maple Leafs.

2nd period


0:01 of 2nd period - Michael Rasmussen wins face-off versus Stefan Noesen in neutral zone.
0:32 of 2nd period - Wrist shot by Tyler Motte.
0:32 of 2nd period - Shot Misses the Net.
0:36 of 2nd period - Slapshot by Derick Brassard.
0:36 of 2nd period - Shot Blocked by Nathan Beaulieu.
0:50 of 2nd period - Wrist shot by Nick Cousins.
0:50 of 2nd period - Shot Misses the Net.
1:16 of 2nd period - Wrist shot by Darren Helm.
1:16 of 2nd period - Shot Misses the Net.
1:35 of 2nd period - Off-side.
1:36 of 2nd period - Lars Eller wins face-off versus Derick Brassard in neutral zone.
1:39 of 2nd period - Patric Hornqvist is hit by Vinnie Hinostroza and loses puck.
2:02 of 2nd period - T.J. Oshie is hit by Jakob Silfverberg and loses puck.
2:45 of 2nd period - Stefan Noesen is hit by Nathan Beaulieu and loses puck.
3:56 of 2nd period - Vladislav Namestnikov is hit by Sam Gagner and loses puck.
4:15 of 2nd period - Andrej Sustr is hit by Nathan Beaulieu.
4:28 of 2nd period - Off-side.
4:29 of 2nd period - Cal Clutterbuck wins face-off versus Garrett Pilon in neutral zone.
4:34 of 2nd period - Garrett Pilon is hit by Colton Parayko and loses puck.
4:53 of 2nd period - Snap shot by Filip Forsberg.
4:53 of 2nd period - Stopped by Jack Campbell without a rebound.
4:54 of 2nd period - Derick Brassard wins face-off versus Filip Forsberg in Lightning zone.
4:56 of 2nd period - T.J. Oshie and Derick Brassard fight to a draw.
4:56 of 2nd period - Penalty to T.J. Oshie for Fighting.
4:56 of 2nd period - Penalty to Derick Brassard for Fighting.
4:57 of 2nd period - Ryan O'Reilly wins face-off versus Vladislav Namestnikov in Lightning zone.
5:10 of 2nd period - Backhand shot by Filip Forsberg.
5:10 of 2nd period - Shot Misses the Net.
5:48 of 2nd period - Radim Simek is hit by Cal Clutterbuck and loses puck.
5:57 of 2nd period - Slapshot by Darnell Nurse.
5:57 of 2nd period - Deflect By Darren Helm.
5:57 of 2nd period - Stopped by Jack Campbell with a rebound.
5:59 of 2nd period - Wrist shot by Cal Clutterbuck.
5:59 of 2nd period - Shot Misses the Net.
6:27 of 2nd period - Snap shot by Filip Forsberg.
6:27 of 2nd period - Stopped by Jack Campbell with a rebound.
6:29 of 2nd period - Slapshot by Ryan O'Reilly.
6:29 of 2nd period - Stopped by Jack Campbell without a rebound.
6:30 of 2nd period - Ryan O'Reilly wins face-off versus Tyler Motte in Lightning zone.
6:31 of 2nd period - Wrist shot by Filip Forsberg.
6:31 of 2nd period - Shot Misses the Net.
6:33 of 2nd period - Wrist shot by Ryan O'Reilly.
6:33 of 2nd period - Stopped by Jack Campbell with a rebound.
6:35 of 2nd period - Slapshot by Nathan Beaulieu.
6:35 of 2nd period - Stopped by Jack Campbell without a rebound.
6:36 of 2nd period - Vladislav Namestnikov wins face-off versus Ryan O'Reilly in Lightning zone.
6:45 of 2nd period - Wrist shot by Jakob Silfverberg.
6:45 of 2nd period - Goal by Jakob Silfverberg - Lightning : 2 - Maple Leafs : 1.
6:46 of 2nd period - Mason Appleton wins face-off versus Vladislav Namestnikov in neutral zone.
6:49 of 2nd period - Snap shot by Brent Burns.
6:49 of 2nd period - Shot Blocked by Robert Hagg.
6:51 of 2nd period - Wrist shot by Michael Rasmussen.
6:51 of 2nd period - Stopped by Jack Campbell without a rebound.
6:52 of 2nd period - Michael Rasmussen wins face-off versus Vladislav Namestnikov in Lightning zone.
7:07 of 2nd period - Slapshot by Michael Rasmussen.
7:07 of 2nd period - Stopped by Jack Campbell without a rebound.
7:08 of 2nd period - Ryan O'Reilly wins face-off versus Liam Foudy in Lightning zone.
7:33 of 2nd period - Robert Hagg is hit by Emil Bemstrom and loses puck.
7:46 of 2nd period - Wrist shot by Vladislav Namestnikov.
7:46 of 2nd period - Stopped by Anthony Stolarz with a rebound.
7:48 of 2nd period - Slapshot by Liam Foudy.
7:48 of 2nd period - Shot Misses the Net.
7:50 of 2nd period - Snap shot by Radim Simek.
7:50 of 2nd period - Shot Blocked by Darnell Nurse.
7:52 of 2nd period - Wrist shot by Stefan Noesen.
7:52 of 2nd period - Stopped by Anthony Stolarz with a rebound.
8:00 of 2nd period - Slapshot by Vladislav Namestnikov.
8:00 of 2nd period - Deflect By Sam Gagner.
8:00 of 2nd period - Shot Misses the Net.
8:00 of 2nd period - Puck is out of play.
8:01 of 2nd period - Lars Eller wins face-off versus Nicolas Aube-Kubel in Maple Leafs zone.
8:30 of 2nd period - Slapshot by Garrett Pilon.
8:30 of 2nd period - Shot Blocked by Vinnie Hinostroza.
8:39 of 2nd period - Off-side.
8:40 of 2nd period - Stefan Noesen wins face-off versus Ryan O'Reilly in neutral zone.
8:49 of 2nd period - Slapshot by Stefan Noesen.
8:49 of 2nd period - Goal by Stefan Noesen - Lightning : 3 - Maple Leafs : 1.
8:50 of 2nd period - Vladislav Namestnikov wins face-off versus Michael Rasmussen in neutral zone.
8:55 of 2nd period - Snap shot by Jakob Silfverberg.
8:55 of 2nd period - Shot Blocked by Matt Nieto.
8:57 of 2nd period - Snap shot by Nicolas Aube-Kubel.
8:57 of 2nd period - Goal by Nicolas Aube-Kubel - Lightning : 4 - Maple Leafs : 1.
8:58 of 2nd period - Vladislav Namestnikov wins face-off versus Ryan O'Reilly in neutral zone.
9:01 of 2nd period - Wrist shot by Nicolas Aube-Kubel.
9:01 of 2nd period - Stopped by Anthony Stolarz with a rebound.
9:03 of 2nd period - Wrist shot by Nicolas Aube-Kubel.
9:03 of 2nd period - Deflect By Vladislav Namestnikov.
9:03 of 2nd period - Shot Misses the Net.
9:03 of 2nd period - Puck is out of play.
9:04 of 2nd period - Ryan O'Reilly wins face-off versus Vladislav Namestnikov in Maple Leafs zone.
9:11 of 2nd period - Snap shot by Matt Nieto.
9:11 of 2nd period - Shot Misses the Net.
9:23 of 2nd period - Nicolas Aube-Kubel is hit by Filip Forsberg and loses puck.
9:27 of 2nd period - Icing by Nicolas Aube-Kubel.
9:28 of 2nd period - Vladislav Namestnikov wins face-off versus Sam Gagner in Lightning zone.
9:33 of 2nd period - Wrist shot by Nick Cousins.
9:33 of 2nd period - Shot Misses the Net.
9:35 of 2nd period - Wrist shot by Emil Bemstrom.
9:35 of 2nd period - Stopped by Jack Campbell with a rebound.
9:45 of 2nd period - Snap shot by Emil Bemstrom.
9:45 of 2nd period - Stopped by Jack Campbell without a rebound.
9:46 of 2nd period - Michael Rasmussen wins face-off versus Stefan Noesen in Lightning zone.
10:24 of 2nd period - Vinnie Hinostroza is hit by Robert Hagg.
11:27 of 2nd period - Icing by Lars Eller.
11:28 of 2nd period - Vladislav Namestnikov wins face-off versus Filip Forsberg in Maple Leafs zone.
11:29 of 2nd period - Snap shot by Jakob Silfverberg.
11:29 of 2nd period - Deflect By Vladislav Namestnikov.
11:29 of 2nd period - Shot Misses the Net.
11:29 of 2nd period - Puck is out of play.
11:30 of 2nd period - Vladislav Namestnikov wins face-off versus Ryan O'Reilly in Maple Leafs zone.
11:46 of 2nd period - Snap shot by Vladislav Namestnikov.
11:46 of 2nd period - Stopped by Anthony Stolarz without a rebound.
11:47 of 2nd period - Michael Rasmussen wins face-off versus Derick Brassard in Maple Leafs zone.
12:17 of 2nd period - Wrist shot by Matt Nieto.
12:17 of 2nd period - Stopped by Jack Campbell without a rebound.
12:18 of 2nd period - Ryan O'Reilly wins face-off versus Vladislav Namestnikov in Lightning zone.
12:27 of 2nd period - Snap shot by Filip Forsberg.
12:27 of 2nd period - Stopped by Jack Campbell without a rebound.
12:28 of 2nd period - Ryan O'Reilly wins face-off versus Vladislav Namestnikov in Lightning zone.
12:35 of 2nd period - Snap shot by Ryan O'Reilly.
12:35 of 2nd period - Stopped by Jack Campbell without a rebound.
12:36 of 2nd period - Sam Gagner wins face-off versus Jakob Silfverberg in Lightning zone.
12:55 of 2nd period - Darnell Nurse is hit by Vladislav Namestnikov and loses puck.
13:20 of 2nd period - Slapshot by Alex Goligoski.
13:20 of 2nd period - Shot Blocked by Darnell Nurse.
13:50 of 2nd period - Wrist shot by Nick Cousins.
13:50 of 2nd period - Shot Misses the Net.
13:52 of 2nd period - Snap shot by Nick Cousins.
13:52 of 2nd period - Stopped by Jack Campbell with a rebound.
13:54 of 2nd period - Wrist shot by Sam Gagner.
13:54 of 2nd period - Deflect By Vladislav Namestnikov.
13:54 of 2nd period - Stopped by Jack Campbell without a rebound.
13:55 of 2nd period - Ryan O'Reilly wins face-off versus Derick Brassard in Lightning zone.
14:46 of 2nd period - Slapshot by Ben Harpur.
14:46 of 2nd period - Shot Misses the Net.
14:58 of 2nd period - Mike Reilly is hit by T.J. Oshie and loses puck.
16:11 of 2nd period - Nathan Beaulieu is hit by Vladislav Namestnikov.
17:38 of 2nd period - Michael Mersch is hit by Filip Forsberg.
17:56 of 2nd period - Snap shot by Sam Gagner.
17:56 of 2nd period - Shot Misses the Net.
18:06 of 2nd period - Snap shot by Vladislav Namestnikov.
18:06 of 2nd period - Shot Blocked by Colin Miller.
18:19 of 2nd period - Connor Carrick is hit by Lars Eller and loses puck.
18:40 of 2nd period - Snap shot by Mason Appleton.
18:40 of 2nd period - Deflect By Matt Nieto.
18:40 of 2nd period - Shot Misses the Net.
18:40 of 2nd period - Puck is out of play.
18:41 of 2nd period - Ryan O'Reilly wins face-off versus Tyler Motte in Lightning zone.
18:50 of 2nd period - Derick Brassard is hit by Filip Forsberg and loses puck.
19:07 of 2nd period - Mason Appleton is hit by Radim Simek and loses puck.
19:28 of 2nd period - Wrist shot by Nick Cousins.
19:28 of 2nd period - Shot Blocked by Radim Simek.
19:30 of 2nd period - Slapshot by Darnell Nurse.
19:30 of 2nd period - Stopped by Jack Campbell with a rebound.
19:38 of 2nd period - Wrist shot by Nick Cousins.
19:38 of 2nd period - Stopped by Jack Campbell without a rebound.
19:39 of 2nd period - Ryan O'Reilly wins face-off versus Vladislav Namestnikov in Lightning zone.
Goals for this period are 3 for Lightning vs 0 for Maple Leafs.
Shots for this period are 7 for Lightning vs 17 for Maple Leafs.

3rd period


0:01 of 3rd period - Ryan O'Reilly wins face-off versus Jakob Silfverberg in neutral zone.
0:12 of 3rd period - Wrist shot by Filip Forsberg.
0:12 of 3rd period - Stopped by Jack Campbell without a rebound.
0:13 of 3rd period - Vladislav Namestnikov wins face-off versus Michael Rasmussen in Lightning zone.
0:22 of 3rd period - Wrist shot by Michael Rasmussen.
0:22 of 3rd period - Stopped by Jack Campbell with a rebound.
0:24 of 3rd period - Wrist shot by Mason Appleton.
0:24 of 3rd period - Stopped by Jack Campbell with a rebound.
0:26 of 3rd period - Slapshot by Michael Rasmussen.
0:26 of 3rd period - Shot Misses the Net.
0:28 of 3rd period - Snap shot by Michael Rasmussen.
0:28 of 3rd period - Stopped by Jack Campbell without a rebound.
0:29 of 3rd period - Ryan O'Reilly wins face-off versus Liam Foudy in Lightning zone.
1:02 of 3rd period - Wrist shot by Tyler Motte.
1:02 of 3rd period - Stopped by Anthony Stolarz with a rebound.
1:24 of 3rd period - Off-side.
1:25 of 3rd period - Vladislav Namestnikov wins face-off versus Filip Forsberg in neutral zone.
1:28 of 3rd period - Snap shot by Nicolas Aube-Kubel.
1:28 of 3rd period - Stopped by Anthony Stolarz without a rebound.
1:29 of 3rd period - Ryan O'Reilly wins face-off versus Vladislav Namestnikov in Maple Leafs zone.
2:08 of 3rd period - Snap shot by Tyler Motte.
2:08 of 3rd period - Stopped by Anthony Stolarz without a rebound.
2:09 of 3rd period - Ryan O'Reilly wins face-off versus Liam Foudy in Maple Leafs zone.
2:34 of 3rd period - Ryan O'Reilly is hit by Derick Brassard and loses puck.
2:45 of 3rd period - Snap shot by Patric Hornqvist.
2:45 of 3rd period - Stopped by Anthony Stolarz with a rebound.
3:06 of 3rd period - Minor Penalty to Andrej Sustr for Roughing.
3:07 of 3rd period - Michael Rasmussen wins face-off versus Vladislav Namestnikov in Lightning zone.
3:17 of 3rd period - Slapshot by Darnell Nurse.
3:17 of 3rd period - Stopped by Jack Campbell without a rebound.
3:18 of 3rd period - Vladislav Namestnikov wins face-off versus Ryan O'Reilly in Lightning zone.
4:09 of 3rd period - Sam Gagner is hit by Jakob Silfverberg and loses puck.
4:20 of 3rd period - Snap shot by Ryan O'Reilly.
4:20 of 3rd period - Shot Misses the Net.
5:06 of 3rd period - Penalty to Andrej Sustr is over, Andrej Sustr is back on ice.
5:22 of 3rd period - Michael Mersch is hit by Vinnie Hinostroza and loses puck.
5:35 of 3rd period - Andrej Sustr is hit by Mason Appleton.
6:52 of 3rd period - Minor Penalty to Andrej Sustr for Hooking.
6:53 of 3rd period - Vladislav Namestnikov wins face-off versus Ryan O'Reilly in Lightning zone.
7:02 of 3rd period - Wrist shot by Vladislav Namestnikov.
7:02 of 3rd period - Stopped by Anthony Stolarz without a rebound.
7:03 of 3rd period - Ryan O'Reilly wins face-off versus Vladislav Namestnikov in Maple Leafs zone.
8:08 of 3rd period - Tyler Motte is hit by Ryan O'Reilly and loses puck.
8:36 of 3rd period - Icing by T.J. Oshie.
8:37 of 3rd period - Ryan O'Reilly wins face-off versus Vladislav Namestnikov in Maple Leafs zone.
8:52 of 3rd period - Penalty to Andrej Sustr is over, Andrej Sustr is back on ice.
10:31 of 3rd period - Emil Bemstrom is hit by Robert Hagg and loses puck.
11:35 of 3rd period - Patric Hornqvist is hit by Nathan Beaulieu and loses puck.
11:48 of 3rd period - Slapshot by Garrett Pilon.
11:48 of 3rd period - Shot Misses the Net.
12:51 of 3rd period - Minor Penalty to Andrej Sustr for Diving.
12:52 of 3rd period - Ryan O'Reilly wins face-off versus Vladislav Namestnikov in Lightning zone.
14:51 of 3rd period - Penalty to Andrej Sustr is over, Andrej Sustr is back on ice.
15:45 of 3rd period - Icing by Nicolas Aube-Kubel.
15:46 of 3rd period - Sam Gagner wins face-off versus Vladislav Namestnikov in Lightning zone.
16:26 of 3rd period - Slapshot by Alex Goligoski.
16:26 of 3rd period - Deflect By Patric Hornqvist.
16:26 of 3rd period - Stopped by Anthony Stolarz without a rebound.
16:27 of 3rd period - Derick Brassard wins face-off versus Lars Eller in Maple Leafs zone.
16:37 of 3rd period - Backhand shot by Patric Hornqvist.
16:37 of 3rd period - Deflect By Derick Brassard.
16:37 of 3rd period - Stopped by Anthony Stolarz with a rebound.
16:43 of 3rd period - Snap shot by Patric Hornqvist.
16:43 of 3rd period - Stopped by Anthony Stolarz without a rebound.
16:44 of 3rd period - Ryan O'Reilly wins face-off versus Vladislav Namestnikov in Maple Leafs zone.
16:44 of 3rd period - Ryan O'Reilly is hit by Alex Goligoski.
16:58 of 3rd period - Slapshot by Ryan O'Reilly.
16:58 of 3rd period - Stopped by Jack Campbell without a rebound.
16:59 of 3rd period - Mason Appleton wins face-off versus Vladislav Namestnikov in Lightning zone.
17:00 of 3rd period - Snap shot by Michael Rasmussen.
17:00 of 3rd period - Stopped by Jack Campbell with a rebound.
17:04 of 3rd period - Wrist shot by Michael Rasmussen.
17:04 of 3rd period - Stopped by Jack Campbell without a rebound.
17:05 of 3rd period - Vladislav Namestnikov wins face-off versus Mason Appleton in Lightning zone.
17:05 of 3rd period - Vladislav Namestnikov is hit by Mason Appleton.
17:15 of 3rd period - Snap shot by Nicolas Aube-Kubel.
17:15 of 3rd period - Shot Misses the Net.
17:54 of 3rd period - Slapshot by T.J. Oshie.
17:54 of 3rd period - Stopped by Jack Campbell with a rebound.
18:38 of 3rd period - Snap shot by Matt Nieto.
18:38 of 3rd period - Stopped by Jack Campbell with a rebound.
18:54 of 3rd period - Filip Forsberg is hit by Vladislav Namestnikov.
19:04 of 3rd period - Slapshot by Michael Mersch.
19:04 of 3rd period - Shot Misses the Net.
19:06 of 3rd period - Slapshot by Andrej Sustr.
19:06 of 3rd period - Stopped by Anthony Stolarz without a rebound.
19:07 of 3rd period - Sam Gagner wins face-off versus Garrett Pilon in Maple Leafs zone.
19:45 of 3rd period - Snap shot by Tyler Motte.
19:45 of 3rd period - Stopped by Anthony Stolarz without a rebound.
19:46 of 3rd period - Michael Rasmussen wins face-off versus Vladislav Namestnikov in Maple Leafs zone.
Goals for this period are 0 for Lightning vs 0 for Maple Leafs.
Shots for this period are 10 for Lightning vs 10 for Maple Leafs.